[Event "ICC tourney 3187 (40 10)"]
[Site "Internet Chess Club"]
[Date "2023.05.06"]
[Round "4"]
[White "GARCIA, CARLOS:cayo89"]
[Black "ZHANG, LOUIS:louis3400"]
[Result "0-1"]
[ICCResult "White resigns"]
[WhiteElo "1503"]
[BlackElo "1269"]
[Opening "Scotch gambit"]
[ECO "C44"]
[NIC "SO.06"]
[Time "17:45:21"]
[PlyCount "144"]
[TimeControl "2400+10"]

1. e4 e5 2. Nf3 Nc6 3. d4 exd4 4. Bc4 Bb4+ 5. c3 dxc3 6. O-O d6 7. bxc3 Bc5
8. Bg5 Nge7 9. Nbd2 O-O 10. Nb3 Bb6 11. Nbd4 Ne5 12. Be2 h6 13. Bh4 N5g6 14.
Bg3 d5 15. e5 Bg4 16. Qc2 a6 17. h3 Bd7 18. Bd3 c5 19. Nf5 c4 20. Nxe7+ Nxe7
21. Be2 Bf5 22. Qd2 Nc6 23. Rfd1 Be6 24. Rab1 Qc7 25. Qb2 Ba5 26. Qc2 b5 27.
Bh2 Qc8 28. Rbc1 Rd8 29. a3 Bf5 30. Qb2 Bb6 31. a4 Rb8 32. axb5 axb5 33. Ra1
Be6 34. Bg3 Bc5 35. Qd2 b4 36. cxb4 Nxb4 37. Nd4 c3 38. Qxc3 Bxd4 39. Qxc8
Rdxc8 40. Rxd4 Nc2 41. Rda4 Nxa1 42. Rxa1 Rb2 43. Bf3 Rbc2 44. Kh2 d4 45.
Be4 Re2 46. Bf3 Rb2 47. Be4 Rd8 48. f4 g6 49. Rd1 Bf5 50. Bxf5 gxf5 51. Bh4
Rd7 52. Rc1 Rb8 53. Rd1 d3 54. Kg3 d2 55. Kf2 Rc8 56. Ke2 Rc2 57. Bf2 Rc4
58. Be3 Kg7 59. Rxd2 Rxd2+ 60. Kxd2 f6 61. Kd3 Re4 62. exf6+ Kxf6 63. g3 Re8
64. Bd4+ Kg6 65. g4 h5 66. g5 h4 67. Bf2 Ra8 68. Bd4 Ra3+ 69. Bc3 Ra2 70.
Be1 Rh2 71. Kd4 Rxh3 72. Bf2 Rf3 {White resigns} 0-1

[Event "ICC tourney 3187 (40 10)"]
[Site "Internet Chess Club"]
[Date "2023.05.06"]
[Round "5"]
[White "S.M, UMER:uncrackable"]
[Black "TANG, OWEN:OwenT477"]
[Result "1/2-1/2"]
[ICCResult "Game drawn by mutual agreement"]
[WhiteElo "1883"]
[BlackElo "1835"]
[Opening "Queen's bishop game"]
[ECO "D02"]
[NIC "QP.08"]
[Time "20:00:23"]
[PlyCount "31"]
[TimeControl "2400+10"]

1. d4 d5 2. Nf3 Nf6 3. Bf4 e6 4. e3 c5 5. Nbd2 Nc6 6. c3 Bd6 7. Ne5 Bxe5 8.
dxe5 Nd7 9. Nf3 O-O 10. Bd3 h6 11. O-O Qc7 12. e4 d4 13. cxd4 cxd4 14. Rc1
Qb6 15. Qd2 Kh7 16. g4 {Game drawn by mutual agreement} 1/2-1/2

[Event "ICC tourney 3187 (40 10)"]
[Site "Internet Chess Club"]
[Date "2023.05.06"]
[Round "5"]
[White "Ledas, Armandas:ArmandasLedas"]
[Black "ZHANG, LOUIS:louis3400"]
[Result "1-0"]
[ICCResult "Black resigns"]
[WhiteElo "1561"]
[BlackElo "1269"]
[Opening "Scotch game"]
[ECO "C45"]
[NIC "SO.04"]
[Time "20:00:16"]
[PlyCount "123"]
[TimeControl "2400+10"]

1. e4 e5 2. Nf3 Nc6 3. d4 exd4 4. Nxd4 Qf6 5. Nf3 Bc5 6. Nc3 Ne5 7. Be2 Ne7
8. O-O N7c6 9. Nd5 Qd8 10. Nxe5 Nxe5 11. Bf4 d6 12. b4 Bb6 13. a4 Ng6 14.
Bg3 c6 15. Nxb6 axb6 16. Qxd6 Qxd6 17. Bxd6 Bd7 18. Bc7 O-O 19. Bxb6 Rfe8
20. Bd3 Ne5 21. f4 Nxd3 22. cxd3 c5 23. Bxc5 Bxa4 24. Kf2 Bb5 25. Rxa8 Rxa8
26. Ke3 Re8 27. Rd1 Bc6 28. e5 f6 29. d4 Bxg2 30. Bd6 Bc6 31. d5 Ba4 32. Rc1
fxe5 33. fxe5 Bb3 34. Kd4 Ra8 35. Rc7 Ra2 36. e6 Ra8 37. e7 Kf7 38. Rxb7 Ra1
39. Rb8 Rd1+ 40. Kc3 Ba4 41. Rf8+ Kg6 42. e8=Q+ Bxe8 43. Rxe8 Rxd5 44. Bg3
h5 45. Kc4 Rd1 46. b5 Rc1+ 47. Kb4 Rb1+ 48. Ka5 Ra1+ 49. Kb6 Kf5 50. Kb7 Rb1
51. b6 g5 52. Re5+ Kf6 53. Ra5 h4 54. Bc7 g4 55. Ka7 g3 56. hxg3 hxg3 57.
Bxg3 Rg1 58. Bc7 Rg7 59. Rc5 Ke6 60. b7 Rxc7 61. Rxc7 Kd6 62. b8=Q
{Black resigns}
1-0

[Event "ICC tourney 3187 (40 10)"]
[Site "Internet Chess Club"]
[Date "2023.05.06"]
[Round "5"]
[White "HANKE, HARVEY:ThinkingPanda"]
[Black "HELMSEN, GAVIN:ghelmsen"]
[Result "1-0"]
[ICCResult "Black checkmated"]
[WhiteElo "1884"]
[BlackElo "1618"]
[Opening "French: exchange variation"]
[ECO "C01"]
[NIC "FR.01"]
[Time "20:00:09"]
[PlyCount "93"]
[TimeControl "2400+10"]

1. e4 e6 2. d4 d5 3. exd5 exd5 4. Nf3 Nc6 5. Bb5 Bd6 6. O-O Ne7 7. Re1 O-O
8. c3 Bf5 9. Bg5 f6 10. Bh4 Ng6 11. Bg3 Bxg3 12. hxg3 Qd6 13. Nbd2 a6 14.
Bf1 b5 15. Nb3 Rfe8 16. Qd2 b4 17. Rxe8+ Rxe8 18. Bxa6 bxc3 19. bxc3 Qa3 20.
Bb5 Bd7 21. Nc5 Rb8 22. Nxd7 Rxb5 23. Qe2 Qd6 24. Nxf6+ gxf6 25. Qxb5 Nce7
26. a4 c6 27. Qc5 Qe6 28. a5 Qc8 29. a6 Qa8 30. a7 Nc8 31. Qb4 Nxa7 32. Qb6
Ne7 33. Qxa7 Qe8 34. Re1 Kf8 35. Nh4 c5 36. Nf5 Nxf5 37. Rxe8+ Kxe8 38. Qxc5
h5 39. Qxd5 h4 40. Qxf5 hxg3 41. fxg3 Ke7 42. d5 Kd8 43. d6 Ke8 44. Qe6+ Kf8
45. Qe7+ Kg8 46. d7 f5 47. d8=R# {Black checkmated} 1-0

[Event "ICC tourney 3187 (40 10)"]
[Site "Internet Chess Club"]
[Date "2023.05.06"]
[Round "5"]
[White "tammineni, ram:ramtammineni"]
[Black "ZHANG, ARI:brass60Six"]
[Result "1/2-1/2"]
[ICCResult "Game drawn by mutual agreement"]
[WhiteElo "1418"]
[BlackElo "1299"]
[Opening "Caro-Kann: Panov-Botvinnik attack, 5...e6"]
[ECO "B14"]
[NIC "CK.02"]
[Time "20:00:23"]
[PlyCount "97"]
[TimeControl "2400+10"]

1. e4 c6 2. d4 d5 3. exd5 cxd5 4. c4 e6 5. Nc3 Nf6 6. Nf3 Nc6 7. cxd5 exd5
8. Bg5 Be7 9. Bd3 O-O 10. a3 Bg4 11. Be2 h6 12. Bh4 Re8 13. O-O a6 14. Re1
Be6 15. h3 Nh5 16. Bxe7 Rxe7 17. Ne5 Nf6 18. Nxc6 bxc6 19. Bd3 Qc7 20. Na4
Nd7 21. Rc1 Ree8 22. Nc5 Nxc5 23. Rxc5 Bd7 24. Rxe8+ Bxe8 25. Qc2 Qf4 26.
Qc3 Bd7 27. Bf1 Qb8 28. b4 Qb7 29. Bd3 Re8 30. Ra5 Ra8 31. Bc2 Re8 32. Bd3
Ra8 33. Qc5 Qc8 34. Qc3 Qb7 35. Bc2 Re8 36. Rc5 Rc8 37. Qd3 g6 38. Bd1 Bf5
39. Qc3 Bd7 40. Bc2 Re8 41. Bd3 Ra8 42. Ra5 Qc8 43. Qc1 Kg7 44. Qf1 Qc7 45.
Rxa6 Rxa6 46. Bxa6 Qa7 47. a4 Qxd4 48. Qb1 Bf5 49. Qb3
{Game drawn by mutual agreement}
1/2-1/2